 Dungeon Crawl Stone Soup version 0.17-b1-20-g63edfd6 (webtiles) character file.

2969 4thArraOfDagon the Martial Artist (level 9, -2/59 HPs)
             Began as a Demonspawn Assassin on Nov 4, 2015.
             Was an Elder of Cheibriados.
             Slain by a troll (7 damage)
             ... on level 11 of the Dungeon.
             The game lasted 00:16:01 (2951 turns).

4thArraOfDagon the Martial Artist (DsAs)            Turns: 2951, Time: 00:16:01

Health: -2/59      AC:  6    Str: 21    XL:     9   Next: 52%
Magic:  14/14      EV: 10    Int: 29    God:    Cheibriados [****..]
Gold:   145        SH:  0    Dex: 23    Spells: 1 memorised, 6 levels left

rFire  . . .     SeeInvis .       - Unarmed
rCold  . . .     Clarity  .     v - +0 chain mail
rNeg   + . .     SustAt   .     (no shield)
rPois  +         Gourm    .     m - +0 helmet
rElec  .         Spirit   .     N - +0 cloak
rCorr  .         Warding  .     (no gloves)
rMut   .         Stasis   .     (no boots)
MR     .....                    c - amulet of faith
Stlth  ..........               F - ring of positive energy
                                y - ring of Due Proportion {rPois Int+4 Stlth-}

@: very slow, not resistant to hostile enchantments, extremely unstealthy
A: deformed body, frail 1, high mp 1, mutation resistance 1, powered by pain 1,
spiny 2
a: Bend Time, Temporal Distortion, Slouch, Renounce Religion


You were on level 11 of the Dungeon.
You worshipped Cheibriados.
Cheibriados was greatly pleased with you.
You were hungry.

You visited 2 branches of the dungeon, and saw 12 of its levels.

You collected 425 gold pieces.
You spent 280 gold pieces at shops.

Inventory:

Hand Weapons
 a - a +3 dagger
 b - a +0 blowgun
 f - a +4 flail of venom
Missiles
 e - 42 poisoned needles
 k - 46 stones (quivered)
 J - 4 javelins
Armour
 m - a +0 helmet (worn)
 v - a +0 chain mail (worn)
 N - a +0 cloak (worn)
Jewellery
 c - an amulet of faith (around neck)
 y - the ring of Due Proportion (left hand) {rPois Int+4 Stlth-}
   (You found it on level 6 of the Dungeon)

   [ring of loudness]

   It affects your intelligence (+4).
   It protects you from poison.
   It makes you less stealthy.
 D - an uncursed amulet of rage {unknown}
 F - a ring of positive energy (right hand)
Wands
 r - a wand of confusion (38)
 x - a wand of draining (6)
 z - a wand of frost (30)
 G - a wand of flame (24)
Scrolls
 d - a scroll of amnesia {unknown}
 i - 2 scrolls of fear {unknown}
 l - 2 scrolls of remove curse
 o - 2 scrolls of random uselessness {unknown}
 C - 4 scrolls of recharging {unknown}
 E - 2 scrolls of teleportation {unknown}
 I - 2 scrolls of enchant armour {unknown}
 K - a scroll of fog {unknown}
 P - a scroll of brand weapon {unknown}
Potions
 h - a potion of agility
 p - 2 potions of brilliance
 q - 3 potions of flight
 t - a potion of cure mutation {unknown}
 u - a potion of heal wounds
 w - 3 potions of poison
 A - a potion of magic
 B - a potion of curing {unknown}
 L - 3 potions of lignification {unknown}
 M - a potion of haste
 Q - 3 potions of might {unknown}
 T - a potion of berserk rage
Books
 O - a book of Ice

   Spells                             Type                      Level
   a - Ice Form                       Ice/Transmutation            4
   b - Metabolic Englaciation         Hexes/Ice                    5
   c - Ozocubu's Refrigeration        Ice                          6
   d - Bolt of Cold                   Conjuration/Ice              6
   e - Freezing Cloud                 Conjuration/Ice/Air          6
   f - Simulacrum                     Ice/Necromancy               6
 R - a book of Enchantments

   Spells                             Type                      Level
   a - Cause Fear                     Hexes                        4
   b - Silence                        Hexes/Air                    5
   c - Deflect Missiles               Charms/Air                   6
   d - Haste                          Charms                       6
   e - Discord                        Hexes                        8
Comestibles
 g - 7 bread rations
 j - 3 meat rations
 n - 15 fruits
 s - a royal jelly
 H - a slice of pizza


   Skills:
 + Level 4.7 Fighting
 - Level 1.7 Short Blades
 - Level 1.7 Throwing
 + Level 3.8 Dodging
 - Level 3.6 Stealth
 * Level 9.3 Unarmed Combat
 + Level 1.3 Spellcasting
 * Level 2.0 Transmutations
 * Level 2.0 Ice Magic
 + Level 5.4 Invocations


You had 6 spell levels left.
You knew the following spells:

 Your Spells              Type           Power        Failure   Level  Hunger
a - Ice Form              Ice/Trmt       ##......     100%        4    #####..


Dungeon Overview and Level Annotations

Branches:
Dungeon (11/15)            Temple (1/1) D:4             Orc (0/4) D:10
   Lair: D:8-11

Altars:
Ashenzari
Cheibriados
Elyvilon
Gozag
Kikubaaqudgha
Makhleb
Nemelex Xobeh
Okawaru
Qazlal
Ru
Sif Muna
Trog
Vehumet
Zin
The Shining One

Shops:
D:5 !


Innate Abilities, Weirdness & Mutations

You sometimes gain a little power by taking damage.
You are mostly covered in sharp spines.
Armour fits poorly on your strangely shaped body.
You are frail (-10% HP).
You have an increased reservoir of magic (+10% MP).
You are somewhat resistant to further mutation.


Message History

You punch the wasp!
You kill the wasp!
Cheibriados thoroughly appreciates the change of pace.
Your Transmutations skill increases to level 2!
Your Ice Magic skill increases to level 2!
Unknown command.
You punch the troll!
The troll is moderately wounded.
You feel yourself speed up. The troll is struck by your spines.
The troll bites you but does no damage. The troll claws you! x2
* * * LOW HITPOINT WARNING * * *
Unknown command.
Unknown command.
You hit the troll.
The troll is heavily wounded.
The troll bites you!
* * * LOW HITPOINT WARNING * * *
The troll closely misses you. The troll claws you!
You die...

)## ..# #.# ##.########
####+## ####.........#
......# ...†.........#
###......#
.###.........###.Th.....#
#.....[...#..@#......#
#...........###...%..#
#.........### #######
#######.### #.# #.# ..#
.## #.


You could see a troll and a black bear.

Vanquished Creatures
  Joseph (D:8)
  Eustachio (D:5)
  Edmund (D:5)
  Duvessa (D:5)
  A wasp (D:11)
  A necrophage (D:7)
  5 ogres
  Dowan (D:5)
  3 giant frogs
  A wyvern zombie (D:8)
  6 killer bees (D:11)
  4 crimson imps
  A centaur zombie (D:6)
  2 giant frog skeletons
  2 hounds
  3 iguanas
  An orc wizard (D:6)
  2 centaur skeletons
  7 worker ants
  A hound zombie (D:9)
  2 worker ant zombies
  3 gnolls (D:5)
  10 adders
  A shadow imp (D:9)
  An ooze (D:3)
  An adder zombie (D:7)
  2 adder skeletons (D:4)
  2 worms
  5 giant geckos
  14 orcs
  4 giant cockroaches
  6 goblins
  4 hobgoblins
  11 jackals
  5 kobolds
  6 quokkas
  2 ball pythons
  2 bats
  2 giant newts
  A jackal skeleton (D:4)
  A quokka skeleton (D:4)
  3 rats
  A plant (D:5)
134 creatures vanquished.

Vanquished Creatures (others)
  A fungus (D:3)
1 creature vanquished.

Grand Total: 135 creatures vanquished

Notes
Turn   | Place    | Note
--------------------------------------------------------------
     0 | D:1      | 4thArraOfDagon the Demonspawn Assassin began the quest for the Orb.
     0 | D:1      | Reached XP level 1. HP: 16/16 MP: 1/1
    92 | D:1      | Reached skill level 1 in Unarmed Combat
   136 | D:2      | Gained mutation: You are partially covered in sharp spines. [demonic ancestry]
   136 | D:2      | Reached XP level 2. HP: 22/22 MP: 2/2
   171 | D:3      | Saw a vision of the Swamp and the Snake Pit.
   171 | D:3      | Found a shattered altar of Ashenzari.
   171 | D:3      | Noticed a shock serpent
   171 | D:3      | Noticed a naga
   171 | D:3      | Noticed a naga
   171 | D:3      | Noticed a naga
   171 | D:3      | Noticed a naga mage
   171 | D:3      | Noticed a shock serpent
   171 | D:3      | Noticed a water moccasin
   171 | D:3      | Noticed an alligator
   171 | D:3      | Noticed an anaconda
   171 | D:3      | Noticed a swamp drake
   171 | D:3      | Noticed a black mamba
   171 | D:3      | Noticed a black mamba
   171 | D:3      | Noticed a water moccasin
   172 | D:3      | Noticed a naga
   249 | D:3      | Found a radiant altar of Vehumet.
   377 | D:3      | Reached XP level 3. HP: 17/27 MP: 3/3
   452 | D:4      | Found an opulent altar of Gozag.
   601 | D:5      | Entered Level 5 of the Dungeon
   634 | D:6      | Reached XP level 4. HP: 29/33 MP: 4/4
   666 | D:6      | Reached skill level 4 in Unarmed Combat
   786 | D:6      | Got a slimy wooden ring
   787 | D:6      | Identified the ring of Due Proportion {rPois Int+4 Stlth-} (You found it on level 6 of the Dungeon)
   794 | D:6      | Noticed a giant frog
   801 | D:6      | Killed a giant frog
   801 | D:6      | Reached XP level 5. HP: 35/38 MP: 5/5
   850 | D:5      | Found Goner's Distillery.
   850 | D:5      | Noticed an ogre
   870 | D:5      | Killed an ogre
   870 | D:5      | Reached skill level 5 in Unarmed Combat
   870 | D:5      | Gained mutation: You sometimes gain a little power by taking damage. [demonic ancestry]
   870 | D:5      | Reached XP level 6. HP: 44/44 MP: 6/6
   906 | D:5      | Bought a potion of heal wounds for 55 gold pieces
   906 | D:5      | Bought a potion of mutation for 27 gold pieces
   906 | D:5      | Bought a potion of poison for 11 gold pieces
   906 | D:5      | Bought a potion of magic for 88 gold pieces
   916 | D:5      | Gained mutation: You are somewhat resistant to further mutation. [potion of mutation]
   916 | D:5      | Gained mutation: Armour fits poorly on your strangely shaped body. [potion of mutation]
   916 | D:5      | Gained mutation: You have an increased reservoir of magic (+10% MP). [potion of mutation]
   917 | D:5      | Gained mutation: You are frail (-10% HP). [potion of mutation]
  1099 | D:5      | Noticed Edmund
  1114 | D:5      | Noticed Duvessa
  1122 | D:5      | Killed Edmund
  1122 | D:5      | Reached skill level 6 in Unarmed Combat
  1128 | D:5      | Noticed Dowan
  1133 | D:5      | Killed Duvessa
  1133 | D:5      | Reached XP level 7. HP: 25/45 MP: 7/7
  1136 | D:5      | Killed Dowan
  1136 | D:5      | Reached skill level 7 in Unarmed Combat
  1282 | D:4      | Found a staircase to the Ecumenical Temple.
  1290 | Temple   | Entered the Ecumenical Temple
  1294 | Temple   | Became a worshipper of Cheibriados the Contemplative
  1313 | D:4      | Reached skill level 1 in Dodging
  1493 | D:3      | Reached * piety under Cheibriados
  1561 | D:2      | Reached skill level 1 in Invocations
  1669 | D:2      | You fall through a shaft!
  1893 | D:5      | Reached ** piety under Cheibriados
  1923 | D:5      | Found a glowing golden altar of the Shining One.
  1962 | D:5      | Bought a potion of heal wounds for 55 gold pieces
  1962 | D:5      | Bought a potion of agility for 44 gold pieces
  1981 | D:5      | Noticed Eustachio
  1998 | D:5      | Killed Eustachio
  1998 | D:5      | Gained mutation: You are mostly covered in sharp spines. [demonic ancestry]
  1998 | D:5      | Reached XP level 8. HP: 18/52 MP: 10/10
  2119 | D:6      | Reached skill level 8 in Unarmed Combat
  2320 | D:6      | Noticed an ogre
  2327 | D:6      | Killed an ogre
  2342 | D:6      | Noticed a giant frog
  2344 | D:6      | Killed a giant frog
  2444 | D:7      | Reached *** piety under Cheibriados
  2460 | D:8      | Noticed Joseph
  2484 | D:8      | Killed Joseph
  2484 | D:8      | Reached XP level 9. HP: 16/59 MP: 13/13
  2508 | D:8      | Learned a level 4 spell: Ice Form
  2578 | D:9      | Reached skill level 5 in Invocations
  2783 | D:10     | Entered Level 10 of the Dungeon
  2783 | D:10     | Found a staircase to the Orcish Mines.
  2783 | D:10     | Noticed a centaur skeleton
  2790 | D:10     | Killed a centaur skeleton
  2790 | D:10     | Reached skill level 9 in Unarmed Combat
  2790 | D:10     | Reached skill level 1 in Spellcasting
  2790 | D:10     | Reached skill level 1 in Transmutations
  2790 | D:10     | Reached skill level 1 in Ice Magic
  2853 | D:10     | Noticed a hill giant
  2924 | D:11     | Reached **** piety under Cheibriados
  2951 | D:11     | Slain by a troll

Action                   |  1- 3 |  4- 6 |  7- 9 || total
-------------------------+-------+-------+-------++-------
Melee: Dagger            |    46 |       |       ||    46
       Unarmed           |     9 |    48 |   212 ||   269
 Fire: Blowgun           |     7 |    18 |     7 ||    32
Throw: Stone             |       |     5 |       ||     5
Evoke: Wand              |       |     1 |     5 ||     6
  Use: Scroll            |       |     7 |     5 ||    12
       Potion            |       |     2 |     3 ||     5
 Stab: Sleeping          |     4 |       |       ||     4
       Confused          |       |     6 |       ||     6
  Eat: Chunk             |       |     1 |     3 ||     4
